 Dungeon Crawl Stone Soup version 0.20-a0-556-g892c87b (webtiles) character file.

417 ChocoNymphy the Poker (level 6, -4/46 HPs)
             Began as a Merfolk Skald on Feb 6, 2017.
             Was an Initiate of Sif Muna.
             Slain by a centaur (7 damage)
             ... on level 5 of the Dungeon.
             The game lasted 00:20:13 (5819 turns).

ChocoNymphy the Poker (Merfolk Skald)               Turns: 5819, Time: 00:20:13

Health: -4/46      AC: 11    Str: 13    XL:     6   Next: 92%
Magic:  6/9        EV: 12    Int: 13    God:    Sif Muna [......]
Gold:   249        SH:  0    Dex: 13    Spells: 4/10 levels left

rFire    + . .     SeeInvis .   a - +0 spear
rCold    . . .     Gourm    .   r - +2 ring mail {rF+}
rNeg     . . .     Faith    .   (no shield)
rPois    .         Spirit   .   (no helmet)
rElec    .         Reflect  .   (no cloak)
rCorr    .         Harm     .   n - +2 pair of gloves
MR       .....                  u - +0 pair of boots
Stlth    +.........             (no amulet)
Regen    0.2/turn               h - ring of flight
                                (no ring)

@: infused
A: change form in water, swift swim, stealthy swim
a: Renounce Religion, Evoke Flight


You were on level 5 of the Dungeon.
You worshipped Sif Muna.
Sif Muna was noncommittal.
You were hungry.

You visited 1 branch of the dungeon, and saw 5 of its levels.

You collected 249 gold pieces.

Inventory:

Hand Weapons
 a - a +0 spear (weapon)
Missiles
 b - 2 poisoned javelins (quivered)
 g - 23 sling bullets
 m - 24 bolts
Armour
 n - a +2 pair of gloves (worn)
 r - a +2 ring mail of fire resistance (worn)
 u - a +0 pair of boots (worn)
Jewellery
 h - a ring of flight (right hand)
Wands
 p - a wand of random effects (22/48)
 q - a wand of paralysis (10/24)
 s - a wand of flame (15/48)
Scrolls
 f - 3 scrolls of teleportation
 w - a scroll of remove curse
 y - a scroll of enchant weapon {unknown}
 A - a scroll of fog {unknown}
Potions
 e - a potion of haste {unknown}
 i - 2 potions of heal wounds {unknown}
 l - 3 potions of curing
 o - 3 potions of resistance {unknown}
 v - a potion of magic {unknown}
 x - a potion of berserk rage {unknown}
 z - a potion of flight {unknown}
Books
 c - a book of Battle

   Spells                             Type                      Level
   a - Infusion                       Charms                       1
   b - Shroud of Golubria             Charms/Translocation         2
   c - Song of Slaying                Charms                       2
   d - Spectral Weapon                Hexes/Charms                 3
   e - Regeneration                   Charms/Necromancy            3
Comestibles
 d - 3 bread rations
 j - 2 meat rations
 k - 3 royal jellies
 t - 2 fruits


   Skills:
 + Level 2.9 Fighting
 + Level 6.8 Polearms
 + Level 2.2 Armour
 + Level 4.2 Dodging
 + Level 1.0 Stealth
 + Level 2.5 Spellcasting
 + Level 4.0 Charms


You had 4 spell levels left.
You knew the following spells:

 Your Spells              Type           Power        Failure   Level  Hunger
a - Infusion              Chrm           ##..         12%         1    #......
b - Regeneration          Chrm/Necr      #.........   73%         3    ###....
c - Shroud of Golubria    Chrm/Tloc      #.........   34%         2    ###....


Dungeon Overview and Level Annotations

Branches:
Dungeon (5/15)
 Temple: D:4-7

Altars:
Ru
Sif Muna


Message History

You begin infusing your attacks with magical energy.
The centaur shoots an arrow.
The arrow hits you!
* * * LOW HITPOINT WARNING * * *
The centaur unwields an uncursed shortbow.
The centaur hits you but does no damage.
You hit the centaur.
The centaur is moderately wounded.
The centaur hits you.
* * * LOW HITPOINT WARNING * * *
You completely miss the centaur.
The centaur is moderately wounded.
The centaur hits you but does no damage.
You hit the centaur!
The centaur is heavily wounded.
The centaur barely misses you.
The centaur hits you but does no damage.
You barely miss the centaur.
The centaur is heavily wounded.
The centaur hits you!
You die...

#. . #. . . #.# .. .###
.. ... ...#
#####.#####... ....
.#...#.##....
..###.....#....####
#....##.......(@c.##
#.##..#...##(.###...#
#.###.......(........#
##...........(.########
.......)...##.##
.##..###...##.# †...##
#...##.# ....# ###.##.#
....# #....###


You could see a centaur.

Vanquished Creatures
  An ogre (D:4)
  A scorpion (D:4)
  A howler monkey (D:4)
  2 orc wizards (D:4)
  A hound (D:4)
  2 adders
  2 shadow imps (D:4)
  3 oozes
  3 dart slugs
  3 leopard geckos
  17 orcs
  6 bats
  12 giant cockroaches
  6 goblins
  5 hobgoblins
  2 quokkas
  4 frilled lizards
  A jackal skeleton (D:4)
  8 kobolds
  8 rats
88 creatures vanquished.

Notes
Turn   | Place    | Note
-------+----------+-------------------------------------------
     0 | D:1      | ChocoNymphy the Merfolk Skald began the quest for the Orb.
     0 | D:1      | Reached XP level 1. HP: 16/16 MP: 3/3
   300 | D:1      | Reached XP level 2. HP: 20/22 MP: 5/5
   339 | D:1      | You fall through a shaft!
   705 | D:1      | Reached XP level 3. HP: 25/27 MP: 2/6
  2103 | D:2      | Reached skill level 4 in Polearms
  2609 | D:3      | Reached XP level 4. HP: 33/33 MP: 3/7
  2802 | D:3      | Learned a level 3 spell: Regeneration
  2805 | D:3      | Learned a level 2 spell: Shroud of Golubria
  2899 | D:3      | Reached skill level 1 in Armour
  3470 | D:3      | Found a sacrificial altar of Ru.
  3584 | D:4      | Reached XP level 5. HP: 34/39 MP: 8/8
  3598 | D:4      | Noticed an ogre
  3609 | D:4      | Killed an ogre
  3609 | D:4      | Reached skill level 5 in Polearms
  3910 | D:4      | Reached skill level 1 in Stealth
  3910 | D:4      | Reached XP level 6. HP: 28/46 MP: 6/9
  4193 | D:4      | Reached skill level 6 in Polearms
  5628 | D:5      | Entered Level 5 of the Dungeon
  5695 | D:5      | Found a deep blue altar of Sif Muna.
  5736 | D:5      | Became a worshipper of Sif Muna the Loreminder
  5816 | D:5      | HP: 2/46 [centaur (4)]
  5819 | D:5      | Slain by a centaur

Vault maps used:
D:1:      minmay_arrival_four_loops
D:3:      nicolae_ru_the_path_less_chosen
D:4:      first_bread
D:5:      basic_altar

Skill      XL: |  1  2  3  4  5  6 |
---------------+-------------------+-----
Dodging        | 3 4 |  4.2
Polearms       | 4 5 6 |  6.8
Armour         | 1 2 |  2.2
Stealth        | 1 |  1.0
Charms         | 4 |  4.0
Fighting       | |  2.9
Spellcasting   | |  2.5

Action                   |  1- 3 |  4- 6 || total
-------------------------+-------+-------++-------
Melee: Spear             |   137 |   271 ||   408
 Cast: Infusion          |    15 |     9 ||    24
  Use: Scroll            |       |     7 ||     7
       Potion            |       |     1 ||     1
 Stab: Sleeping          |     1 |       ||     1
  Eat: Chunk             |     5 |     7 ||    12
       Fruit             |       |     4 ||     4
Armor: Leather armour    |    36 |     2 ||    38
       Ring mail         |       |    94 ||    94
Dodge: Dodged            |    89 |   152 ||   241
